 Dungeon Crawl Stone Soup version 0.31.0-11-ge490571c62 (webtiles) character file.

Game seed: 18174167407254114328

59 magipi the Firebug (level 3, -2/28 HPs)
             Began as a Deep Elf Fire Elementalist on Feb 4, 2024.
             Killed from afar by an orc wizard (6 damage)
             ... with a puff of flame
             ... on level 3 of the Dungeon.
             The game lasted 00:05:22 (1688 turns).

magipi the Firebug (Deep Elf Fire Elementalist)     Turns: 1688, Time: 00:05:22

Health: -2/28      AC:  6    Str:  5    XL:     3   Next: 78%
Magic:  6/9        EV: 12    Int: 21    God:
Gold:   133        SH:  0    Dex: 15    Spells: 5/8 levels left

rFire   . . .        a - +0 dagger
rCold   . . .        (no shield)
rNeg    . . .        l - +0 robe
rPois   .            d - +2 helmet
rElec   .            (no cloak)
rCorr   .            j - +0 pair of gloves
SInv    .            (no boots)
Will    .....        (no amulet) Stlth
                     (no ring)
HPRegen 0.24/turn    (no ring)
MPRegen 0.11/turn

%: no passive effects
@: berserking (expiring), very quick
A: no striking features
a: no special abilities


You were on level 3 of the Dungeon.
You visited 1 branch of the dungeon, and saw 3 of its levels.

You collected 133 gold pieces.

Inventory:

Hand Weapons
 a - a +0 dagger (weapon)
Armour
 d - a +2 helmet (worn)
 j - a +0 pair of gloves (worn)
 l - a +0 robe (worn)
Scrolls
 c - 4 scrolls of identify {unknown}
 e - 2 scrolls of enchant armour {unknown}
 f - 2 scrolls of revelation {unknown}
 i - 3 scrolls of immolation {unknown}
 n - a scroll of fog {unknown}
 o - 2 scrolls of blinking {unknown}
Potions
 b - a potion of magic
 g - a potion of degeneration {unknown}
 h - a potion of lignification {unknown}
 k - 2 potions of curing {unknown}
 m - a potion of berserk rage
 p - 2 potions of mutation {unknown}
 q - 2 potions of enlightenment {unknown}


   Skills:
 - Level 2.4 Dodging
 - Level 2.4 Stealth
 - Level 3.0 Spellcasting
 + Level 3.0 Conjurations
 + Level 4.3 Fire Magic


You had 5 spell levels left.
You knew the following spells:

 Your Spells              Type           Power      Damage    Failure   Level
a - Foxfire               Conj/Fire      72%        2x1d7     3%          1
b - Scorch                Fire           42%        2d6       3%          2

Your spell library contained the following spells:

 Spells                   Type           Power      Damage    Failure   Level
 Shock                    Conj/Air       36%        1d5       7%          1
 Inner Flame              Hex/Fire       12%        N/A       16%         3
 Volatile Blastmotes      Fire/Tloc      24%        2d12      16%         3
 Flame Wave               Conj/Fire      18%        2d7       28%         4
 Swiftness                Air            3%         N/A       36%         3
 Fulminant Prism          Conj/Alch      4%         3d5       56%         4
 Iskenderun's Mystic Bla  Conj/Tloc      9%         2d4       56%         4
 Airstrike                Air            1%         2d(1-17)  78%         4


Dungeon Overview and Level Annotations

Branches:
Dungeon (3/15)

Altars:

Shops:
D:2 [


Message History

* * * LOW HITPOINT WARNING * * *
Unknown command.
You bump into the rock wall.
Something completely misses you.
You bump into the rock wall.
Something barely misses you.
You completely miss something. Something hits you but does no damage.
It was a potion of berserk rage.
A red film seems to cover your vision as you go berserk!
You feel yourself moving faster!
You feel mighty!
You feel less confused.
You hear some strange, mumbled words.
A magic dart appears from out of thin air!
The magic dart hits you.
* * * LOW HITPOINT WARNING * * *
Unknown command.
You completely miss something. Something hits you but does no damage.
You hit something. Something barely misses you.
You closely miss something. You hit something.
An orc wizard appears from thin air!
Reactivating autopickup.
The orc wizard gestures at you while chanting.
You resist with some effort.
You barely miss the orc wizard.
The orc wizard is severely wounded.
The orc wizard hits you with a +0 dagger.
* * * LOW HITPOINT WARNING * * *
You barely miss the orc wizard.
The orc wizard is severely wounded.
You closely miss the orc wizard.
The orc wizard is severely wounded.
The orc wizard closely misses you.
You miss the orc wizard.
The orc wizard is severely wounded.
The orc wizard closely misses you.
You barely miss the orc wizard.
The orc wizard is severely wounded.
You completely miss the orc wizard.
The orc wizard is severely wounded.
The orc wizard casts a spell at you. The puff of flame hits you.
You die...

#########..#
#†#
...........#
#.#
#######.##.#
#.# #.##.#
#.# #.##.#
#.# ###.##.#
#.# #....#)#
#.#
##..#.#o#
#.#
##..##.#@#
#.# ##...#
.#.# #.#
##..#.# .#.#
#.# ##{.##.#
.#.# #.#
#..###.#
.#.# #.#
##.## #.#
.#.# #.#
#####..# #.#
#.# #.#
..##..## #.#
#.# #.#
#.##.## .#
#.# #.#


You could see an orc wizard.

Vanquished Creatures
  A gnoll (D:1)
  An adder (D:2)
  2 dart slugs
  2 orcs (D:3)
  5 ball pythons
  2 endoplasms (D:1)
  2 giant cockroaches
  7 goblins
  2 hobgoblins
  A quokka (D:1)
  A bat (D:3)
  3 frilled lizards (D:1)
  4 rats
33 creatures vanquished.

Vanquished Creatures (others)
  64 foxfires
64 creatures vanquished.

Grand Total: 97 creatures vanquished

Notes
Turn   | Place    | Note
-------+----------+-------------------------------------------
     0 | D:1      | magipi the Deep Elf Fire Elementalist began the quest for
                  | the Orb.
     0 | D:1      | Reached XP level 1. HP: 10/10 MP: 6/6
   122 | D:1      | Reached XP level 2. HP: 15/15 MP: 4/8
   351 | D:1      | Reached skill level 4 in Fire Magic
   374 | D:1      | Learned a level 2 spell: Scorch
   408 | D:1      | Reached XP level 3. HP: 18/19 MP: 4/9
  1134 | D:2      | Found Tafim's Antique Armour Boutique.
  1688 | D:3      | Killed from afar by an orc wizard

Illustrated notes

Levels and vault maps discovered:
D:1:      dpeg_arrival_lava_temple_mockup, layout_rooms, minmay_cupped
D:2:      layout_basic, serial_shops, shop
D:3:      layout_basic, mainiacjoe_overflow_catwalk,
          mainiacjoe_overflow_cross_hatched,
          shapermc_ecumenical_altar_starsandcircs, uniq_ijyb

Skill      XL: |  1  2  3 |
---------------+----------+-----
Conjurations   | 2 3 |  3.0
Fire Magic     | 4 |  4.3
Dodging        | |  2.4
Stealth        | |  2.4
Spellcasting   | |  3.0

Action                     || total
---------------------------++-------
  Melee: Dagger            ||    27
   Cast: Foxfire           ||    35
         Scorch            ||     7
    Use: Potion            ||     1
   Stab: Sleeping          ||     3
 Armour: Robe              ||    33
  Dodge: Dodged            ||    27
